 Dungeon Crawl Stone Soup version 0.31.0-9-g3a7656b989 (webtiles) character file.

Game seed: 6300391816909725705

5683 EnegeticOcto the Cleaver (level 11, -17/86 HPs)
             Began as a Formicid Shapeshifter on Jan 31, 2024.
             Was a Believer of the Shining One.
             Demolished by a two-headed ogre
             ... wielding a +0 giant club
              (19 damage)
             ... on level 9 of the Dungeon.
             The game lasted 00:19:50 (11956 turns).

EnegeticOcto the Cleaver (Formicid Shapeshifter)   Turns: 11956, Time: 00:19:51

Health: -17/86     AC: 14    Str: 18    XL:     11   Next: 4%
Magic:  11/12      EV:  6    Int: 11    God:    the Shining One [**....]
Gold:   194        SH:  6    Dex: 23    Spells: 10/10 levels left

rFire   . . .        a - +3 battleaxe
rCold   . . .        (no shield)
rNeg    + . .        z - +0 plate armour
rPois   .            (helmet unavailable)
rElec   .            f - +0 cloak
rCorr   .            y - +1 pair of gloves
SInv    +            (no boots)
Will    ++...        (no amulet) Stlth
                     i - +6 ring of dexterity
HPRegen 0.34/turn    p - ring of willpower
MPRegen 0.13/turn

%: no passive effects
@: divinely shielded, glowing, studying Short Blades
A: permanent stasis, dig shafts and tunnels, antennae 3, four strong arms
a: Dig, Shaft Self, Renounce Religion, Divine Shield


You were on level 9 of the Dungeon.
You worshipped the Shining One.
The Shining One was pleased with you.
You visited 2 branches of the dungeon, and saw 10 of its levels.

You collected 524 gold pieces.
You spent 330 gold pieces at shops.

Inventory:

Hand Weapons
 a - a +3 battleaxe (weapon)
   (You took it off a wight on level 6 of the Dungeon)
 b - a +0 sling
   (You found it on level 1 of the Dungeon)
 j - a +0 trident
   (You found it on level 1 of the Dungeon)
 m - a +1 short sword of protection
   (You took it off a kobold on level 2 of the Dungeon)
 A - a +4 whip of electrocution
   (You took it off an orc on level 7 of the Dungeon)
 B - a +3 dire flail
   (You took it off a wight on level 7 of the Dungeon)
Missiles
 s - 5 boomerangs
 u - 8 poisoned darts (quivered)
Armour
 f - a +0 cloak (worn)
   (You found it on level 1 of the Dungeon)
 r - +0 acid dragon scales
   (You found it on level 9 of the Dungeon)
 y - a +1 pair of gloves (worn)
   (You found it on level 8 of the Dungeon)
 z - a +0 plate armour (worn)
   (You took it off an orc warrior on level 7 of the Dungeon)
 G - a +0 kite shield
   (You took it off a gnoll sergeant on level 9 of the Dungeon)
Jewellery
 c - an amulet of magic regeneration
   (You found it on level 8 of the Dungeon)
 i - a +6 ring of dexterity (left hand)
   (You found it on level 1 of the Dungeon)
 p - a ring of willpower (right hand)
   (You found it on level 8 of the Dungeon)
 t - a ring of fire
   (You found it on level 5 of the Dungeon)
Wands
 d - a wand of roots (11) {@v2}
   (You found it on level 8 of the Dungeon)
 v - a wand of paralysis (4)
   (You found it on level 6 of the Dungeon)
Scrolls
 g - a scroll of butterflies {!r}
 h - 2 scrolls of poison {!r}
 k - 2 scrolls of identify {@r1}
 n - 3 scrolls of revelation {@r5 !r}
 o - 3 scrolls of vulnerability
 C - 2 scrolls of amnesia
 D - a scroll of immolation
Potions
 e - 7 potions of mutation
 l - 4 potions of curing {@q1 !q}
 q - 2 potions of enlightenment
 w - a potion of attraction
 x - 2 potions of lignification {@q6}
 E - a potion of heal wounds {@q2 !q}
 F - a potion of resistance


   Skills:
 - Level 8.0 Fighting
 * Level 9.7 Axes
 - Level 4.5 Ranged Weapons
 + Level 3.3 Armour
 - Level 1.7 Dodging
 - Level 3.0 Stealth
 - Level 3.7 Unarmed Combat
 + Level 1.7 Invocations
 - Level 4.0 Evocations
 - Level 7.0 Shapeshifting


You had 10 spell levels left.
You didn't know any spells.
Your spell library contained the following spells:

 Spells                   Type           Power      Damage    Failure   Level
 Kiss of Death            Conj/Necr      0%         2d5       100%        1
 Sublimation of Blood     Necr           0%         N/A       100%        2
 Confusing Touch          Hex            0%         N/A       100%        3
 Frozen Ramparts          Ice            0%         1d1       100%        3
 Gell's Gravitas          Tloc           0%         N/A       100%        3
 Hailstorm                Conj/Ice       0%         3d5       100%        3
 Ozocubu's Armour         Ice            0%         N/A       100%        3
 Stone Arrow              Conj/Erth      0%         3d7       100%        3
 Teleport Other           Tloc           0%         N/A       100%        3
 Dispel Undead            Necr           0%         3d6       100%        4
 Ignite Poison            Fire/Alch      0%         N/A       100%        4
 Leda's Liquefaction      Alch/Erth      0%         N/A       100%        4
 Petrify                  Alch/Erth      0%         N/A       100%        4
 Sticky Flame             Fire/Alch      0%         2d4       100%        4
 Borgnjor's Vile Clutch   Necr/Erth      0%         N/A       100%        5
 Irradiate                Conj/Alch      0%         3d11      100%        5
 Lee's Rapid Deconstruct  Erth           0%         3d4*      100%        5
 Metabolic Englaciation   Hex/Ice        0%         N/A       100%        5
 Dispersal                Tloc           0%         N/A       100%        6
 Ignition                 Fire           0%         3d3       100%        8


Dungeon Overview and Level Annotations

Branches:
Dungeon (9/15) Zot: 26542  Temple (1/1) D:6 Zot: 5989
   Lair: D:8-11         Orc: D:9-12

Altars:
Ashenzari
Cheibriados
Dithmenos
Elyvilon
Fedhas
Gozag
Hepliaklqana
Kikubaaqudgha
Makhleb
Nemelex Xobeh
Okawaru
Qazlal
Ru
Sif Muna
Trog
Uskayaw
Vehumet
Wu Jian
Xom
Yredelemnul
Zin
The Shining One

Shops:
D:9 !


Innate Abilities, Weirdness & Mutations

You cannot be hasted, slowed, berserked, paralysed or teleported.
You can dig through walls and to a lower floor.
You have a pair of large antennae on your head. (SInv)
Your four strong arms can wield two-handed weapons with a shield.


Message History

The orc wizard shouts!
You hear a shout!
An orc wizard comes into view. It is wielding a +0 dagger.
No reachable target in view!
An orc wizard comes into view. It is wielding a +0 dagger.
The orc wizard shouts!
The orc wizard moves out of view.
Found 19 gold pieces.
The orc wizard points at you and mumbles some strange words.
You resist with almost no effort. The orc wizard casts a spell at you.
The magic dart hits you!
The orc wizard gestures at you while chanting.
The puff of flame hits you!
You slash the orc wizard!
You kill the orc wizard!
No reachable target in view!
No reachable target in view!
No reachable target in view!
No reachable target in view!
No reachable target in view!
No reachable target in view!
No reachable target in view!
No reachable target in view!
No reachable target in view!
No reachable target in view!
No reachable target in view!
You barely miss the orc wizard. You slash the orc wizard!
You kill the orc wizard!
You hit the orc wizard. The orc wizard barely misses you. x2
You slice the orc wizard!!
You kill the orc wizard!
No target in view!
No target in view!
No target in view!
No target in view!
No target in view!
No target in view!
You now have 194 gold pieces (gained 19).
A two-headed ogre comes into view. It is wielding two +0 giant clubs.
The two-headed ogre shouts in stereo!
A two-headed ogre is nearby!
Throw: 11 darts (poison)
Press: ? - help, Q - select action, (/) - cycle Shift-Dir - straight line, f - two-headed ogre
Aim: a two-headed ogre, wielding two +0 giant clubs (78% to hit)
You throw a poisoned dart.
The poisoned dart barely misses the two-headed ogre.
Throw: 10 darts (poison)
Press: ? - help, Q - select action, (/) - cycle Shift-Dir - straight line, f/p - two-headed ogre
Aim: a two-headed ogre, wielding two +0 giant clubs (78% to hit)
You throw a poisoned dart.
The poisoned dart barely misses the two-headed ogre.
A divine shield forms around you!
Throw: 9 darts (poison)
Press: ? - help, Q - select action, (/) - cycle Shift-Dir - straight line, f/p - two-headed ogre
Aim: a two-headed ogre, wielding two +0 giant clubs (78% to hit)
You throw a poisoned dart.
The poisoned dart hits the two-headed ogre.
Okay, then.
Okay, then.
You hit the two-headed ogre.
The two-headed ogre is lightly wounded.
The two-headed ogre hits you with a +0 giant club!
You block the two-headed ogre's attack.
You hit the two-headed ogre but do no damage.
The two-headed ogre is lightly wounded.
You block the two-headed ogre's attack.
The two-headed ogre hits you with a +0 giant club.
You slash the two-headed ogre!
The two-headed ogre is moderately wounded.
You hit the two-headed ogre.
The two-headed ogre is moderately wounded.
The two-headed ogre hits you with a +0 giant club.
The two-headed ogre hits you with a +0 giant club!
You are too injured to fight recklessly!
You are too injured to fight recklessly!
You hit the two-headed ogre.
The two-headed ogre is heavily wounded.
The two-headed ogre hits you with a +0 giant club.
The two-headed ogre barely misses you.
You hit the two-headed ogre but do no damage.
The two-headed ogre is heavily wounded.
The two-headed ogre hits you but does no damage.
The two-headed ogre hits you with a +0 giant club.
You slice the two-headed ogre!!
The two-headed ogre is almost dead.
The two-headed ogre hits you with a +0 giant club!!
* * * LOW HITPOINT WARNING * * *
The two-headed ogre barely misses you.
You hit the two-headed ogre.
The two-headed ogre is almost dead.
You hit the two-headed ogre.
The two-headed ogre is almost dead.
The two-headed ogre hits you with a +0 giant club!!
* * * LOW HITPOINT WARNING * * *
You block the two-headed ogre's attack.
You hit the two-headed ogre.
The two-headed ogre is almost dead.
The two-headed ogre hits you with a +0 giant club!!
You die...

#.#.#.#............##
#.#.#.#....#.#.#.#...
#.#.#.+.............(
#.#.#.#....#.#.#.#...
#.#.#.####...........
#.#............'.....
#.###.......####)....
#.###.......#........
#...@.......###......
#####O....... #......
....... #)#####
..(.... #)#....
....... #.#....
.#.#(#. #.#....
.....(. ###....
.#.#.#. .... ....


You could see a two-headed ogre.

Vanquished Creatures
  A kobold demonologist (D:7)
  2 unseen horrors (D:7)
  A shadow (D:6)
  A vampire (D:7)
  A wraith (D:6)
  A wyvern (D:8)
  Eustachio (D:5)
  Edmund (D:6)
  2 water moccasins (D:8)
  2 acid dragons
  A sky beast (D:7)
  5 ice beasts
  3 orc warriors
  2 centaurs (D:8)
  An ogre (D:4)
  2 phantoms
  6 bullfrogs
  A scorpion (D:6)
  A gnoll sergeant (D:9)
  12 wights
  6 killer bees
  2 howler monkeys
  A centaur zombie (D:8)
  5 hounds
  2 jellies (D:6)
  4 orc priests
  A gnoll bouda (D:6)
  2 iguanas
  A sleepcap (D:7)
  8 orc wizards
  3 howler monkey zombies (D:8)
  12 gnolls
  2 adders
  2 shadow imps
  A white imp (D:5)
  2 dart slugs
  2 ribbon worms (D:4)
  20 orcs
  3 ball pythons
  4 bats
  10 endoplasms
  4 giant cockroaches
  5 goblins
  4 hobgoblins
  2 jackals (D:2)
  6 kobolds
  2 quokkas
  A frilled lizard (D:2)
  6 rats
170 creatures vanquished.

Notes
Turn   | Place    | Note
-------+----------+-------------------------------------------
     0 | D:1      | EnegeticOcto the Formicid Shapeshifter began the quest for
                  | the Orb.
     0 | D:1      | Reached XP level 1. HP: 15/15 MP: 1/1
    92 | D:1      | Reached XP level 2. HP: 21/21 MP: 2/2
   185 | D:1      | Reached skill level 1 in Stealth
   228 | D:1      | Reached XP level 3. HP: 7/27 MP: 3/3
   993 | D:2      | Reached skill level 2 in Fighting
  1414 | D:2      | Reached skill level 2 in Stealth
  1414 | D:2      | Reached XP level 4. HP: 33/33 MP: 4/4
  1931 | D:3      | Reached XP level 5. HP: 39/39 MP: 5/5
  1950 | D:3      | Reached skill level 3 in Stealth
  2097 | D:4      | Reached skill level 3 in Fighting
  2097 | D:4      | Reached skill level 4 in Shapeshifting
  2341 | D:4      | Noticed a phantom
  2352 | D:4      | Killed a phantom
  2353 | D:4      | Reached XP level 6. HP: 35/48 MP: 6/6
  2622 | D:4      | Noticed an ogre
  2630 | D:4      | Killed an ogre
  2631 | D:4      | Reached skill level 4 in Fighting
  3165 | D:5      | Entered Level 5 of the Dungeon
  3218 | D:5      | Reached skill level 5 in Shapeshifting
  3323 | D:5      | Reached XP level 7. HP: 55/55 MP: 7/7
  3344 | D:5      | Noticed Eustachio
  4148 | D:5      | Identified the +1 robe "Puadgheq" {Int+5}
  4176 | D:5      | Killed Eustachio
  4177 | D:5      | Reached skill level 5 in Fighting
  4617 | D:6      | Reached skill level 6 in Shapeshifting
  4876 | D:5      | Reached XP level 8. HP: 34/64 MP: 8/8
  4977 | D:6      | Reached skill level 1 in Ranged Weapons
  5334 | D:6      | Reached skill level 2 in Ranged Weapons
  5575 | D:6      | Reached skill level 3 in Ranged Weapons
  5712 | D:6      | Noticed Edmund
  6019 | D:6      | Reached skill level 7 in Shapeshifting
  6228 | D:6      | Found a staircase to the Ecumenical Temple.
  6234 | Temple   | Entered the Ecumenical Temple
  6239 | Temple   | Became a worshipper of the Shining One
  6351 | D:7      | Reached skill level 4 in Ranged Weapons
  6367 | D:7      | Reached skill level 6 in Fighting
  6367 | D:7      | Reached skill level 1 in Evocations
  6418 | D:7      | Reached skill level 2 in Evocations
  6418 | D:7      | Reached XP level 9. HP: 69/69 MP: 9/9
  6606 | D:7      | Reached skill level 1 in Axes
  7059 | D:7      | Reached skill level 2 in Axes
  7259 | D:7      | Reached skill level 3 in Evocations
  7373 | D:6      | Reached skill level 3 in Axes
  7475 | D:6      | Killed Edmund
  7640 | D:6      | Reached skill level 7 in Fighting
  7789 | D:7      | Noticed an unseen horror
  7807 | D:7      | Killed an unseen horror
  7808 | D:7      | Reached skill level 4 in Axes
  7808 | D:7      | Reached skill level 4 in Evocations
  8133 | D:7      | Reached skill level 5 in Axes
  8733 | D:7      | Reached XP level 10. HP: 79/79 MP: 10/10
  9073 | D:6      | Reached skill level 6 in Axes
  9115 | D:6      | Reached * piety under the Shining One
  9116 | D:6      | Reached skill level 8 in Fighting
  9358 | D:7      | Noticed an unseen horror
  9358 | D:7      | Noticed a kobold demonologist
  9370 | D:7      | Noticed an orange demon
  9370 | D:7      | Killed a kobold demonologist
  9371 | D:7      | Reached skill level 7 in Axes
  9386 | D:7      | Killed an unseen horror
  9387 | D:7      | Reached skill level 8 in Axes
 10121 | D:8      | Reached skill level 1 in Armour
 10427 | D:8      | Reached skill level 9 in Axes
 10695 | D:8      | Reached skill level 2 in Armour
 11126 | D:8      | Reached ** piety under the Shining One
 11271 | D:8      | Reached skill level 3 in Armour
 11271 | D:8      | Reached skill level 1 in Invocations
 11340 | D:8      | Found a faded altar of an unknown god.
 11340 | D:8      | Found a hide-covered altar of Uskayaw.
 11347 | D:8      | Found a sparkling altar of Nemelex Xobeh.
 11349 | D:8      | Found a faded altar of an unknown god.
 11351 | D:8      | Found an opulent altar of Gozag.
 11442 | D:8      | Got the Monograph on the Glacier and Oromancy
 11510 | D:9      | Found Baomovef's Distillery.
 11522 | D:9      | Reached XP level 11. HP: 59/86 MP: 10/12
 11607 | D:9      | Bought a potion of heal wounds for 75 gold pieces
 11607 | D:9      | Bought a potion of degeneration for 15 gold pieces
 11608 | D:9      | Bought a potion of resistance for 150 gold pieces
 11608 | D:9      | Bought a potion of curing for 45 gold pieces
 11608 | D:9      | Bought a potion of curing for 45 gold pieces
 11941 | D:9      | Noticed a two-headed ogre
 11955 | D:9      | HP: 2/86 [two-headed ogre/+0 giant club (24)]
 11956 | D:9      | Demolished by a two-headed ogre

Illustrated notes

Levels and vault maps discovered:
D:1:      minmay_arrival_hallway, layout_rooms
D:2:      layout_loops_corners, minmay_stone_trees_medium, minmay_heptomino_w4
D:3:      layout_rooms
D:4:      layout_basic
D:5:      layout_basic, uniq_eustachio
D:6:      layout_loops_corners, minmay_temple_entry_fiery, uniq_edmund
D:7:      layout_gridville, minmay_shattered_shrine
D:8:      layout_rooms, chequers_temple_overflow_minitemple, serial_undead,
          serial_undead_c, serial_undead_e, serial_undead_e, serial_undead_e,
          small_chamber_with_monster, serial_library_hellmonk_room_c
D:9:      layout_irregular_city, ebering_ghost_inner_flame, serial_shops,
          nicolae_stop_n_shop_1, nicolae_stop_n_shop_2, serial_co_window_serial,
          co_window_paths_b, co_window_corner_a, co_window_paths_a,
          co_window_paths_a, co_window_paths_a, co_window_of_opportunity_b,
          co_window_paths_c, co_window_cross_3, co_window_sun,
          co_window_paths_d, glass_columns_c, glass_columns_a, glass_columns_c,
          glass_columns_c, minmay_microvault
Temple:   hellmonk_temple_of_storms

Skill      XL: |  1  2  3  4  5  6  7  8  9 10 |
---------------+-------------------------------+-----
Stealth        | 1 2 3 |  3.0
Fighting       | 2 3 4 5 6 7 8 |  8.0
Shapeshifting  | 4 5 6 7 |  7.0
Ranged Weapons | 4 |  4.5
Evocations     | 2 4 |  4.0
Axes           | 5 9 |  9.7
Armour         | 3 |  3.3
Invocations    | 1 |  1.7
Dodging        | |  1.7
Unarmed Combat | |  3.7

Action                     |  1- 3 |  4- 6 |  7- 9 | 10-12 || total
---------------------------+-------+-------+-------+-------++-------
  Melee: Unarmed           |    51 |       |       |       ||    51
         Short sword       |       |       |     3 |       ||     3
         Punch             |       |       |     6 |     7 ||    13
         Battleaxe         |       |       |    66 |   164 ||   230
   Fire: Sling             |    30 |   138 |   210 |       ||   378
  Throw: Dart              |       |       |    14 |     3 ||    17
 Invoke: Divine Shield     |       |       |       |     2 ||     2
Ability: Begin Untransform |       |       |       |     1 ||     1
  Evoke: Wand              |       |       |     3 |     8 ||    11
    Use: Potion            |     1 |       |     2 |       ||     3
         Scroll            |     3 |     5 |     4 |     4 ||    16
 Armour: Animal skin       |    14 |       |       |       ||    14
         Skin              |     9 |       |       |       ||     9
         Ring mail         |     7 |    41 |   183 |    50 ||   281
         Plate armour      |       |       |       |   155 ||   155
  Dodge: Dodged            |    34 |    52 |   130 |    60 ||   276
  Block: Other             |       |       |       |     5 ||     5

Table legend:
 A = Kills in this place as a percentage of kills in the entire game.
 B = Kills by you in this place as a percentage of kills by you in the entire game.
 C = Kills by friends in this place as a percentage of kills by friends in the entire game.
 D = Other kills in this place as a percentage of other kills in the entire game.
 E = Experience gained in this place as a percentage of experience gained in the entire game.
 F = Experience gained in this place divided by the number of levels of this place that you have seen.
                   A       B       C       D       E      F
               +-------+-------+-------+-------+-------+----------------------
         Total | 100.0 | 100.0 |   N/A |   N/A | 100.0 | 811.9
       Dungeon | 100.0 | 100.0 |   N/A |   N/A | 100.0 | 902.1
               +-------+-------+-------+-------+-------+----------------------

Table legend: (Time is in decaauts)
 A = Elapsed time spent in this place.
 B = Non-inter-level travel time spent in this place.
 C = Inter-level travel time spent in this place.
 D = Time resting spent in this place.
 E = Time spent auto-exploring this place.
 F = Levels seen in this place.
 G = Mean time per level.
                   A        B        C        D        E       F      G
               +--------+--------+--------+--------+--------+-----+--------+
         Total |  12213 |  11735 |    478 |   3614 |   5976 |  10 | 1221.3 |
       Dungeon |  12203 |  11725 |    478 |   3614 |   5976 |   9 | 1355.9 |
        Temple |     10 |     10 |      0 |      0 |      0 |   1 |   10.0 |
               +--------+--------+--------+--------+--------+-----+--------+

Top non-repeatable levels by time:
     D:7: 2794 daAuts
     D:6: 2762 daAuts
     D:5: 1784 daAuts
     D:8: 1176 daAuts
     D:4: 1115 daAuts
     D:2: 967 daAuts
     D:1: 697 daAuts
     D:9: 456 daAuts
     D:3: 447 daAuts
  Temple: 10 daAuts
